 Dungeon Crawl Stone Soup version 0.27-a0-343-gfcad680f63 (webtiles) character file.

Game seed: 2056907949608244441

20069 wampuh the Transmogrifier (level 12, -5/121 HPs)
             Began as a White Draconian Transmuter on Feb 14, 2021.
             Was a Priest of Ashenzari.
             Killed from afar by a steam dragon (24 damage)
             ... with a ball of steam
             ... on level 2 of the Lair of Beasts on Feb 15, 2021.
             The game lasted 00:35:26 (17525 turns).

wampuh the Transmogrifier (DrTm)                   Turns: 17525, Time: 00:35:27

Health: -5/121     AC:  7    Str: 14    XL:     12   Next: 42%
Magic:  28/31      EV: 12    Int: 17    God:    Ashenzari [***...]
Gold:   663        SH:  0    Dex: 15    Spells: 6/25 levels left

rFire    x . .     SeeInvis +     - Unarmed
rCold    + + +     Faith    .   (shield currently unavailable)
rNeg     . . .     Spirit   .   (armour unavailable)
rPois    +         Reflect  .   (helmet currently unavailable)
rElec    .         Harm     .   (cloak currently unavailable)
rCorr    .         Rampage  .   (gloves currently unavailable)
Will     .....                  (boots currently unavailable)
Stlth    ++........             p - amulet "Pompou Putzo" {RegenMP Dex+3}
HPRegen  0.30/turn              s - ring of magical power
MPRegen  0.47/turn              A - ring of see invisible

@: ice-form
A: large, (breathe frost), unfitting armour, AC +8
a: End Transformation, Renounce Religion, Curse Item, Scrying


You were on level 2 of the Lair of Beasts.
You worshipped Ashenzari.
Ashenzari was most pleased with you.
You were a creature of crystalline ice.
You visited 2 branches of the dungeon, and saw 12 of its levels.
You also visited: Ossuary and Volcano.

You collected 780 gold pieces.
You spent 117 gold pieces at shops.

Inventory:

Missiles
 r - 12 atropa-tipped darts
Armour
 g - a +2 cloak of poison resistance (melded)
 k - a +2 pair of boots (melded)
 t - a +2 pair of gloves (melded)
Magical Staves
 m - a staff of cold
Jewellery
 p - the amulet "Pompou Putzo" (around neck) {RegenMP Dex+3}
   (You found it on level 4 of the Dungeon)

   [amulet of magic regeneration]

   It increases your magic regeneration.
   It affects your dexterity (+3).
 s - a ring of magical power (left front paw)
 A - a ring of see invisible (right front paw)
 G - a ring of protection from cold
Wands
 u - a wand of flame (8)
 z - a wand of iceblast (6)
 B - a wand of polymorph (6)
 D - a wand of acid (3)
 E - a wand of paralysis (10)
Scrolls
 a - 2 scrolls of fear
 b - 5 scrolls of identify
 c - 2 scrolls of enchant armour
 d - 3 scrolls of magic mapping
 e - 2 scrolls of teleportation
 i - a scroll of fog
 j - 2 scrolls of blinking
 q - 6 scrolls of immolation
 y - a scroll of amnesia
 H - a scroll of summoning
Potions
 f - a potion of attraction
 h - 2 potions of lignification
 l - 5 potions of heal wounds
 n - 2 potions of might
 o - 4 potions of flight
 v - 4 potions of mutation
 w - 4 potions of brilliance
 x - 3 potions of curing
 C - 2 potions of ambrosia
 F - a potion of resistance


   Skills:
 - Level 8.0 Fighting
 - Level 5.0 Dodging
 - Level 0.5 Stealth
 + Level 9.8 Unarmed Combat
 - Level 7.0 Spellcasting
 * Level 6.7 Hexes
 - Level 10.0 Transmutations
 - Level 10.0 Ice Magic


You had 6 spell levels left.
You knew the following spells:

 Your Spells              Type           Power        Failure   Level
a - Blade Hands           Tmut           19%          5%          5
b - Wereblood             Tmut           39%          1%          2
c - Ice Form              Ice/Tmut       39%          1%          4
d - Frozen Ramparts       Ice            78%          1%          3
e - Metabolic Englaciati  Hex/Ice        17%          11%         5

Your spell library contained the following spells:

 Spells                   Type           Power        Failure   Level
 Beastly Appendage        Tmut           78%          1%          1
 Freeze                   Ice            100%         1%          1
 Slow                     Hex            28%          1%          2
 Ozocubu's Armour         Ice            39%          1%          3
 Confusing Touch          Hex            28%          2%          3
 Spider Form              Tmut/Pois      11%          4%          3
 Yara's Violent Unravell  Hex/Tmut       17%          11%         5
 Magic Dart               Conj           20%          12%         1
 Hailstorm                Conj/Ice       22%          14%         4
 Petrify                  Tmut/Erth      22%          14%         4
 Summon Ice Beast         Ice/Summ       22%          14%         4
 Blink                    Tloc           N/A          17%         2
 Call Imp                 Summ           5%           17%         2
 Conjure Flame            Conj/Fire      5%           34%         3
 Gell's Gravitas          Tloc           2%           34%         3
 Mephitic Cloud           Conj/Pois/Air  5%           34%         3


Dungeon Overview and Level Annotations

Branches:
Dungeon (10/15)            Temple (0/1) D:4            Lair (2/6) D:9
    Orc (0/2) D:10        Ossuary (visited)         Volcano (visited)
  Swamp: Lair:2-4    Shoals: Lair:2-4     Snake: Lair:2-4    Spider: Lair:2-4

Altars:
Ashenzari
Cheibriados
Elyvilon
Fedhas
Gozag
Hepliaklqana
Nemelex Xobeh
Okawaru
Qazlal
Ru
Vehumet
Xom
Yredelemnul
The Shining One

Shops:
D:5 [[[   D:8 ?   D:9 *

Annotations:
D:8 3 runed translucent doors, Sylvie's ghost, novice HOBe
D:10 3 runed translucent doors, Morgoth's ghost, novice DgAr
Lair:1 1 runed translucent door


Innate Abilities, Weirdness & Mutations

((You can breathe waves of freezing cold.))
((You can buffet flying creatures when you breathe cold.))
((Your icy white scales are hard. (AC +8)))
You cannot fit into any form of body armour.
((Your flesh is cold resistant. (rC+)))
((You are cold-blooded and may be slowed by cold attacks.))


Message History

The rime drake completely resists.
The wall freezes the rime drake but does no damage.
The rime drake is engulfed in a cloud of scalding steam.
The rime drake bites you but does no damage.
You hear an angry hiss.
You pummel the rime drake!! You freeze the rime drake.
You kill the rime drake!
The steam dragon bites you! The steam dragon closely misses you.
The rime drake resists.
The wall freezes the rime drake.
The rime drake breathes ice at you. The flash freeze hits you!
You partially resist.
You are encased in ice.
The wall freezes the steam dragon.
The rime drake completely resists.
The wall freezes the rime drake but does no damage.
You are too injured to fight recklessly!
Unknown command.
You are too injured to fight recklessly!
Unknown command.
You are too injured to fight recklessly!
Your frozen ramparts will break if you move.
Continue?
The frozen ramparts melt away as you move.
The rime drake is engulfed in a cloud of scalding steam.
Things that are here:
+0 steam dragon scales; a steam dragon corpse You are too injured to fight recklessly!
You are too injured to fight recklessly!
You barely miss the steam dragon.
You are engulfed in a cloud of scalding steam.
The ice encasing you melts away. The rime drake breathes ice at you.
The flash freeze misses you. The steam dragon breathes steam at you.
The ball of steam hits you!! The steam scalds you terribly!
* * * LOW HITPOINT WARNING * * *
You hear an angry hiss.
As you read the scroll of fog, it crumbles to dust.
The scroll dissolves into smoke.
The steam dragon breathes steam at you. The ball of steam hits you!!
The steam scalds you terribly!
You die...

##..#.#### ,* *
#........# ,
.........# ,
.......kk# , ,
....D.DDk##### ## *
### , ,
....§{##D##P.####.##
.###.. ..#.§
*#.D§§§...............
##
#.D§§§...........[...
,
#..§Y§†..............
#..§§§§......P.P.####
* *
###§§§#...#.........#
* ,,,
#..##*###.........#
#...# ##.......... *
##..#####...P......#
#...###..#..P......#
,*
#)..........#......# *
#............#......#


You could see 2 rime drakes and 5 steam dragons.

Vanquished Creatures
  Erolcha (D:10)
  2 hydras (Lair:1)
  Erica (D:9)
  A two-headed ogre (D:10)
  A sun demon (Volcano)
  An ugly thing (Volcano)
  An elephant (Lair:1)
  Joseph (D:9)
  A black mamba (Lair:1)
  A molten gargoyle (Volcano)
  5 cane toads
  Psyche (D:8)
  2 komodo dragons (Lair:1)
  2 rime drakes (Lair:2)
  A troll (D:10)
  Grinder (D:3)
  Prince Ribbit (D:5)
  Sigmund (D:5)
  19 yaks
  2 basilisks
  5 fire bats
  A human (D:9)
  3 steam dragons (Lair:2)
  Menkaure (D:7)
  2 hell hounds (Volcano)
  5 water moccasins
  A sky beast (D:9)
  2 orc warriors
  5 black bears
  7 ice beasts
  6 ogres
  4 centaurs
  A phantom (D:8)
  12 bullfrogs
  A kobold brigand (D:9)
  A gnoll sergeant (D:9)
  5 scorpions
  10 killer bees
  4 howler monkeys
  3 wights (D:7)
  2 human zombies (Ossuary)
  4 lava snakes (Volcano)
  A centaur zombie (D:10)
  3 jellies
  4 quasits
  3 hounds
  An orc priest (D:9)
  2 centaur skeletons
  4 bullfrog skeletons
  Jessica (D:2)
  Terence (D:2)
  3 iguanas
  5 orc wizards
  2 worker ants
  2 hound zombies
  2 hound skeletons
  3 mummies
  10 gnolls
  A worker ant zombie (D:10)
  10 adders
  3 white imps
  An ufetubus (D:9)
  An ooze (D:5)
  3 adder zombies
  6 worms
  2 dart slugs
  4 leopard geckos
  29 orcs
  6 bats
  5 giant cockroaches
  5 goblins
  8 hobgoblins
  7 jackals
  15 kobolds
  3 quokkas
  6 frilled lizards
  2 goblin zombies
  12 hobgoblin zombies
  A jackal skeleton (D:9)
  2 jackal zombies (Ossuary)
  11 kobold zombies (Ossuary)
  A leopard gecko skeleton (D:5)
  9 orc zombies (Ossuary)
  4 rats
335 creatures vanquished.

Vanquished Creatures (collateral kills)
  A red devil (Volcano)
1 creature vanquished.

Vanquished Creatures (others)
  An ufetubus (D:8)
  A quokka (D:2)
  53 fungi
  77 plants
  12 toadstools (Lair:1)
144 creatures vanquished.

Grand Total: 480 creatures vanquished

Notes
Turn   | Place    | Note
-------+----------+-------------------------------------------
     0 | D:1      | wampuh the Draconian Transmuter began the quest for the
                  | Orb.
     0 | D:1      | Reached XP level 1. HP: 16/16 MP: 3/3
   222 | D:1      | Reached XP level 2. HP: 21/23 MP: 5/5
  1368 | D:2      | Reached XP level 3. HP: 17/29 MP: 4/6
  1521 | D:2      | Noticed Jessica
  1527 | D:2      | Killed Jessica
  1568 | D:2      | Reached XP level 4. HP: 27/36 MP: 4/7
  1866 | D:2      | Noticed Terence
  1889 | D:2      | Killed Terence
  2086 | D:2      | Found a white marble altar of Elyvilon.
  2746 | D:3      | Reached XP level 5. HP: 30/42 MP: 6/8
  2880 | D:2      | Learned a level 2 spell: Wereblood
  2929 | D:3      | Noticed Grinder
  2941 | D:3      | Killed Grinder
  2942 | D:3      | Reached skill level 5 in Unarmed Combat
  2942 | D:3      | Reached XP level 6. HP: 41/50 MP: 5/10
  3376 | D:3      | Found a hazy altar of Hepliaklqana.
  3377 | D:3      | Found a shimmering altar of Xom.
  3378 | D:3      | Noticed a spectral ugly thing
  3440 | D:3      | You fall into a shaft and drop 1 floor!
  3464 | D:4      | Found a broken altar of Ashenzari.
  3470 | D:4      | Became a worshipper of Ashenzari the Shackled
  3537 | D:4      | Identified the amulet "Pompou Putzo" {RegenMP Dex+3}
  3552 | D:4      | Found a staircase to the Ecumenical Temple.
  3762 | D:4      | Identified the +0 robe "Faics" {rF- Will+ Str+9 SInv}
  3793 | D:4      | Your scales start taking on an icy white colour.
  3793 | D:4      | Reached XP level 7. HP: 56/56 MP: 11/11
  3793 | D:4      | Gained mutation: Your flesh is cold resistant. (rC+) [White
                  | Draconian growth]
  4227 | D:5      | Entered Level 5 of the Dungeon
  4229 | D:5      | Noticed Sigmund
  4246 | D:5      | Killed Sigmund
  4368 | D:5      | Found Jebum's Antique Armour Boutique.
  4371 | D:5      | Bought a pair of gloves for 117 gold pieces
  4380 | D:5      | Found Fiagh's Antique Armour Boutique.
  4472 | D:5      | Learned a level 4 spell: Ice Form
  4517 | D:5      | Reached skill level 1 in Ice Magic
  4594 | D:5      | Reached XP level 8. HP: 48/63 MP: 13/13
  4746 | D:5      | Found a sand-covered staircase.
  4755 | Ossuary  | Entered an ossuary
  4814 | Ossuary  | Reached * piety under Ashenzari
  5078 | D:5      | Noticed Prince Ribbit
  5094 | D:5      | Killed Prince Ribbit
  5221 | D:5      | Found Odwit's Armour Emporium.
  5228 | D:5      | Reached skill level 5 in Transmutations
  6305 | D:6      | Reached XP level 9. HP: 59/72 MP: 15/15
  6408 | D:6      | Found a shimmering altar of Xom.
  7029 | D:7      | Reached skill level 5 in Fighting
  7264 | D:7      | Reached skill level 5 in Spellcasting
  7425 | D:7      | Noticed Menkaure
  7433 | D:7      | Killed Menkaure
  7434 | D:7      | Reached skill level 5 in Ice Magic
  7788 | D:7      | Reached ** piety under Ashenzari
  7999 | D:7      | Learned a level 3 spell: Frozen Ramparts
  8076 | D:7      | Found a snail-covered altar of Cheibriados.
  8097 | D:7      | Found a blossoming altar of Fedhas.
  8097 | D:7      | Found a broken altar of Ashenzari.
  8097 | D:7      | Found an iron altar of Okawaru.
  8097 | D:7      | Found a radiant altar of Vehumet.
  8101 | D:7      | Found a stormy altar of Qazlal.
  8104 | D:7      | Found a sacrificial altar of Ru.
  8106 | D:7      | Found a glowing golden altar of the Shining One.
  8407 | D:8      | Found a runed translucent gate.
  8407 | D:8      | Found a runed translucent gate.
  8408 | D:8      | Found a runed translucent gate.
  8411 | D:8      | Noticed Sylvie's ghost (novice HOBe)
  8411 | D:8      | Noticed an 11-headed hydra
  8769 | D:8      | Noticed Psyche
  8777 | D:8      | Killed Psyche
  8812 | D:8      | Reached XP level 10. HP: 68/82 MP: 17/17
  9162 | D:8      | Found Dafuc's Magic Scroll Emporium.
  9342 | D:8      | Found an opulent altar of Gozag.
  9342 | D:8      | Found a sparkling altar of Nemelex Xobeh.
  9720 | D:9      | Noticed Joseph
  9727 | D:9      | Killed Joseph
  9892 | D:9      | Found a runed translucent door.
  9894 | D:9      | Found a basalt altar of Yredelemnul.
 10045 | D:9      | Learned a level 5 spell: Blade Hands
 10066 | D:9      | Noticed Erica
 10109 | D:9      | Killed Erica
 10114 | D:9      | HP: 2/84 [ice beast (4)]
 10765 | D:9      | Found a staircase to the Lair.
 11119 | D:9      | Learned a level 5 spell: Metabolic Englaciation
 11275 | D:9      | Found Celaoquss's General Store.
 11416 | D:10     | Entered Level 10 of the Dungeon
 11479 | D:10     | Found a staircase to the Orcish Mines.
 11570 | D:10     | Found a runed translucent gate.
 11573 | D:10     | Found a runed translucent gate.
 11574 | D:10     | Found a runed translucent gate.
 11574 | D:10     | Noticed Morgoth's ghost (novice DgAr)
 11638 | D:10     | Noticed a two-headed ogre
 11647 | D:10     | Killed a two-headed ogre
 11648 | D:10     | Reached skill level 1 in Hexes
 11648 | D:10     | Reached XP level 11. HP: 80/92 MP: 18/18
 12429 | D:10     | Noticed Erolcha
 12433 | D:10     | Killed Erolcha
 12568 | Lair:1   | Entered Level 1 of the Lair of Beasts
 12577 | Lair:1   | Reached skill level 10 in Transmutations
 12690 | Lair:1   | Found a dark tunnel.
 12780 | Volcano  | Entered a volcano
 13234 | Volcano  | Found a radiant altar of Vehumet.
 13234 | Volcano  | Noticed a red ugly thing
 13234 | Volcano  | Noticed a sun demon
 13243 | Volcano  | Killed a red ugly thing
 13244 | Volcano  | Reached skill level 5 in Dodging
 13246 | Volcano  | Killed a sun demon
 13838 | Volcano  | Noticed a hell knight
 13845 | Volcano  | HP: 1/94 [hell knight/bolt of fire (25)]
 15065 | Lair:1   | Noticed a four-headed hydra
 15075 | Lair:1   | Killed a four-headed hydra
 15076 | Lair:1   | Reached XP level 12. HP: 46/101 MP: 22/22
 15567 | Lair:1   | Reached skill level 10 in Ice Magic
 15648 | Lair:1   | Reached skill level 5 in Hexes
 15828 | Lair:1   | Noticed a five-headed hydra
 15836 | Lair:1   | Killed a seven-headed hydra
 16509 | Lair:1   | Reached *** piety under Ashenzari
 16635 | Lair:1   | Noticed a catoblepas
 16636 | Lair:1   | Identified the ring "Jygise" {rF+ Dex+6}
 16656 | Lair:1   | Found a runed translucent door.
 17525 | Lair:2   | Killed from afar by a steam dragon

Illustrated notes

Levels and vault maps discovered:
D:1:      kilobyte_arrival_exit_the_forest, layout_loops_ring,
          skrybe_limestone_x, corexii_hall_statues_deadend, st_stairs_2
D:2:      layout_basic, elyvilon_altar_4, dk_noncrumbling_3,
          serial_bayou_lagoon_a, uniq_jessica, uniq_terence
D:3:      layout_rooms, regret_index_temple_of_mockery, uniq_grinder
D:4:      layout_cave_pools, minmay_temple_entry_glass, evilmike_ruin_ashenzari
D:5:      layout_loops_cross, serial_shops, kennysheep_mini_moat, shop,
          nicolae_shop_overgrown_old_shop, nicolae_ossuary_entry_giza,
          serial_rivers, chequers_serial_rivers_small_b,
          chequers_serial_rivers_large_a, chequers_serial_rivers_small_3,
          chequers_serial_rivers_room_a, chequers_serial_rivers_room_a,
          chequers_serial_rivers_marsh, uniq_prince_ribbit1, uniq_sigmund
D:6:      layout_basic, basic_altar
D:7:      layout_basic, minitemple, uniq_menkaure
D:8:      layout_cave_pods, grunt_temple_overflow_opulence,
          gammafunk_ghost_hydra_chop, serial_shops, shop_scrolls, uniq_psyche
D:9:      layout_loops_cross, due_lair_maze_entry_diamond, serial_shops, shop,
          minmay_misc_feat_roman, dk_yredelemnul_ordeal, uniq_erica, uniq_joseph
D:10:     layout_long_grid, david_orc_2, gammafunk_ghost_nasty_kobolds,
          uniq_erolcha
Lair:1:   gammafunk_lair_enchanted_lake, layout_chaotic_city,
          nicolae_volcano_entry_batcave
Lair:2:   layout_chaotic_city, basic_altar, chequers_serial_rivers_micro_a,
          bobbens_dragon_lair_wall

Skill      XL: |  1  2  3  4  5  6  7  8  9 10 11 12 |
---------------+-------------------------------------+-----
Dodging        | 2 3 4 5 |  5.0
Fighting       | 2 3 4 5 7 8 |  8.0
Unarmed Combat | 4 5 6 7 9 |  9.8
Spellcasting   | 3 4 5 6 7 |  7.0
Transmutations | 3 4 5 6 9 10 | 10.0
Ice Magic      | 1 3 5 7 9 10 | 10.0
Hexes          | 1 4 6 |  6.7
Stealth        | |  0.5

Action                   |  1- 3 |  4- 6 |  7- 9 | 10-12 || total
-------------------------+-------+-------+-------+-------++-------
Melee: Unarmed           |   117 |   185 |   406 |   449 ||  1157
       Headbutt          |     3 |    22 |    59 |    26 ||   110
       Tailslap          |     8 |    19 |    62 |    51 ||   140
       Kick              |     3 |    32 |    89 |    45 ||   169
       Punch             |       |     3 |    13 |    18 ||    34
       Staff             |       |       |       |     7 ||     7
 Cast: Beastly Appendage |     5 |    20 |    35 |    14 ||    74
       Wereblood         |       |     4 |    12 |     8 ||    24
       Frozen Ramparts   |       |       |     1 |     8 ||     9
       Ice Form          |       |       |     1 |     3 ||     4
       Blade Hands       |       |       |       |    32 ||    32
 Abil: Breathe Frost     |       |       |     4 |       ||     4
Evoke: Wand              |       |       |       |     3 ||     3
  Use: Potion            |       |     1 |       |     5 ||     6
       Scroll            |       |     8 |     4 |     7 ||    19
 Stab: Sleeping          |     3 |       |     2 |     1 ||     6
       Distracted        |       |       |       |     1 ||     1
Armor: Skin              |    53 |    61 |   152 |   198 ||   464
Dodge: Dodged            |    82 |   105 |   351 |   332 ||   870

Table legend: (Time is in decaauts)
 A = Elapsed time spent in this place.
 B = Non-inter-level travel time spent in this place.
 C = Inter-level travel time spent in this place.
 D = Time resting spent in this place.
 E = Time spent auto-exploring this place.
 F = Levels seen in this place.
 G = Mean time per level.
                   A        B        C        D        E       F      G
               +--------+--------+--------+--------+--------+-----+--------+
         Total |  17438 |  17050 |    388 |   5793 |   8584 |  14 | 1245.6 |
       Dungeon |  12235 |  11902 |    333 |   2785 |   7224 |  10 | 1223.5 |
          Lair |   3168 |   3113 |     55 |   1693 |   1154 |   2 | 1584.0 |
       Ossuary |    244 |    244 |      0 |      0 |     64 |   1 |  244.0 |
       Volcano |   1789 |   1789 |      0 |   1315 |    142 |   1 | 1789.0 |
               +--------+--------+--------+--------+--------+-----+--------+

Top non-repeatable levels by time:
  Lair:1: 2690 daAuts
 Volcano: 1789 daAuts
     D:9: 1705 daAuts
     D:5: 1569 daAuts
     D:8: 1539 daAuts
     D:2: 1375 daAuts
     D:1: 1335 daAuts
     D:7: 1282 daAuts
    D:10: 1112 daAuts
     D:6: 806 daAuts
     D:4: 781 daAuts
     D:3: 725 daAuts
  Lair:2: 478 daAuts
 Ossuary: 244 daAuts
